 Dungeon Crawl Stone Soup version 0.30-a0-743-gbfdf073431 (webtiles) character file.

Game seed: 1269087583954681506

135113 nvknbk the Warrior (level 16, -1/167 HPs)
             Began as a Minotaur Fighter on Feb 6, 2023.
             Was the Champion of Okawaru.
             Killed from afar by a deep elf knight (19 damage)
             ... with a shard of ice
             ... on level 2 of the Elven Halls.
             The game lasted 00:53:01 (22005 turns).

nvknbk the Warrior (Minotaur Fighter)              Turns: 22005, Time: 00:53:01

Health: -1/167     AC: 28    Str: 34    XL:     16   Next: 63%
Magic:  15/15      EV: 19    Int:  5    God:    Okawaru [******]
Gold:   2520       SH:  7    Dex:  9    Spells: 15/15 levels left

rFire   . . .      SeeInvis .    S - +4 broad axe of Discretion {drain, rC+}
rCold   + . .      Faith    .    c - +0 buckler
rNeg    . . .      Spirit   .    K - +1 chain mail "Vuef Boo" {Regen+}
rPois   .          Reflect  .    (helmet restricted)
rElec   .          Harm     .    r - +2 cloak
rCorr   .          Rampage  +    u - +2 pair of gloves
Will    +....                    q - +2 pair of boots {rampage} Stlth
                                 y - amulet of regeneration
HPRegen 2.07/turn                i - +5 ring of evasion
MPRegen 0.14/turn                t - +6 ring of strength

@: mighty, slowed, very slow
A: horns 2, retaliatory headbutt, iridescent scales 1, clumsy 1, sense
surroundings 1, robust 1
a: Renounce Religion, Heroism, Finesse, Duel


You were on level 2 of the Elven Halls.
You worshipped Okawaru.
Okawaru was exalted by your worship.
You visited 5 branches of the dungeon, and saw 25 of its levels.
You visited the Abyss 1 time.
You also visited: Gauntlet.

You collected 2805 gold pieces.
You spent 285 gold pieces at shops.

Inventory:

Hand Weapons
 a - a +6 vampiric war axe
 b - a +0 broad axe
 E - a +2 war axe of flaming
 S - the +4 broad axe of Discretion (weapon) {drain, rC+}
   (Okawaru gifted it to you on level 1 of the Elven Halls)

   rC:        It protects you from cold.
 T - a +4 broad axe of draining
Missiles
 p - 4 throwing nets (quivered)
Armour
 c - a +0 buckler (worn)
 q - a +2 pair of boots of rampaging (worn)
 r - a +2 cloak (worn)
 u - a +2 pair of gloves (worn)
 v - the +1 pair of gloves "Zoweler" {Int+4}
   (You bought it in a shop on level 2 of the Orcish Mines)

   Int:       It affects your intelligence (+4).
 H - a +0 pair of boots of flying
 I - the +1 pair of boots of the Four Princes {+Blink}
   (You found it in a Gauntlet)

   +Blink:    It lets you blink.
 K - the +1 chain mail "Vuef Boo" (worn) {Regen+}
   (You found it on level 1 of the Lair of Beasts)

   Regen:     It increases your rate of health regeneration.
 P - the +1 swamp dragon scales of the Dolphin {rPois rN+++ Dex-4}
   (Okawaru gifted it to you on level 3 of the Abyss)

   Dex:       It affects your dexterity (-4).
   rPois:     It protects you from poison.
   rN:        It renders you almost immune to negative energy.
 R - a +3 chain mail of cold resistance
Jewellery
 e - a ring of protection from fire
 i - a +5 ring of evasion (left hand)
 j - the ring "Noucly Pae" {Contam EV+5 Int+6}
   (You found it on level 5 of the Lair of Beasts)

   [ring of evasion]

   EV:        It affects your evasion (+5).
   Int:       It affects your intelligence (+6).
   Contam:    It causes magical contamination when unequipped.
 t - a +6 ring of strength (right hand)
 w - a ring of flight
 y - an amulet of regeneration (around neck)
 F - a ring of protection from fire
 Q - a ring of protection from cold
Wands
 k - a wand of roots (9)
 z - a wand of flame (29)
 D - a wand of polymorph (6)
Scrolls
 h - 3 scrolls of magic mapping
 x - a scroll of fear
 A - 11 scrolls of teleportation
 C - 2 scrolls of fog
 G - 9 scrolls of identify
 N - 3 scrolls of enchant armour
 O - a scroll of brand weapon
Potions
 d - 6 potions of attraction
 f - 7 potions of lignification
 g - 5 potions of cancellation
 m - 4 potions of flight
 n - 9 potions of curing
 o - 2 potions of brilliance
 s - 3 potions of invisibility
 B - 3 potions of magic
 J - a potion of haste
 M - a potion of resistance


   Skills:
 + Level 16.7 Fighting
 + Level 16.6 Axes
 + Level 16.7 Armour
 + Level 15.1 Dodging
 + Level 16.7 Shields


You had 15 spell levels left.
You didn't know any spells.
Your spell library contained the following spells:

 Spells                   Type           Power      Damage    Failure   Level
 Apportation              Tloc           0%         N/A       85%         1
 Necrotise                Necr           0%         1d4       85%         1
 Sandblast                Erth           0%         2d4       85%         1
 Ensorcelled Hibernation  Hex/Ice        0%         N/A       94%         2
 Passwall                 Tmut/Erth      0%         N/A       94%         2
 Scorch                   Fire           0%         2d5       94%         2
 Ignite Poison            Fire/Tmut/Pois 0%         N/A       99%         3
 Inner Flame              Hex/Fire       0%         N/A       99%         3
 Kindle Blastsparks       Fire/Tloc/Air  0%         2d10      99%         3
 Portal Projectile        Hex/Tloc       0%         N/A       99%         3
 Spider Form              Tmut/Pois      0%         N/A       99%         3
 Stone Arrow              Conj/Erth      0%         3d7       99%         3
 Vampiric Draining        Necr           0%         2d6       99%         3
 Anguish                  Hex/Necr       0%         N/A       100%        4
 Cause Fear               Hex            0%         N/A       100%        4
 Flame Wave               Conj/Fire      0%         2d4       100%        4
 Leda's Liquefaction      Hex/Erth       0%         N/A       100%        4
 Agony                    Necr           0%         N/A       100%        5
 Freezing Cloud           Conj/Ice/Air   0%         6-21      100%        5
 Discord                  Hex            0%         N/A       100%        8
 Summon Small Mammal      Summ           Unusable   N/A       N/A         1
 Call Canine Familiar     Summ           Unusable   N/A       N/A         3
 Summon Cactus Giant      Summ           Unusable   N/A       N/A         6

Dungeon Overview and Level Annotations

Branches:
Dungeon (15/15)            Temple (1/1) D:6            Lair (5/5) D:8
 Shoals (0/4) Lair:2        Snake (0/4) Lair:2        Slime (0/5) Lair:4
    Orc (2/2) D:10            Elf (2/3) Orc:2        Vaults (0/5) D:13
 Depths (0/4) D:15        Gauntlet (visited)

Altars:
Ashenzari
Cheibriados
Dithmenos
Elyvilon
Fedhas
Gozag
Hepliaklqana
Kikubaaqudgha
Makhleb
Nemelex Xobeh
Okawaru
Qazlal
Ru
Sif Muna
Trog
Uskayaw
Vehumet
Wu Jian
Xom
Yredelemnul
Zin
The Shining One
Jiyva

Shops:
D:8 (   D:9 *   Orc:2 ([:*

Portals:
Hell: Lair:5


Innate Abilities, Weirdness & Mutations

You have a pair of horns on your head.
You reflexively headbutt those who attack you in melee.
You are partially covered in iridescent scales. (AC +2)
You are clumsy. (Dex -2)
You passively map a small area around you.
You are robust. (+10% HP)


Message History

You kill the deep elf archer!
Okawaru accepts your kill.
You miss something.
Roxanne mumbles some strange words.
The crystal spear misses you. Something hits you but does no damage.
The deep elf archer shoots an arrow.
The arrow hits you but does no damage.
The deep elf archer shoots an arrow.
The arrow hits you.
* * * LOW HITPOINT WARNING * * *
You slice Roxanne!!
You destroy Roxanne!
Okawaru accepts your kill.
You closely miss something.
You feel like a meek peon again. Something hits you but does no damage.
The deep elf archer gestures at you while chanting.
You easily resist.
The deep elf archer shoots an arrow.
The arrow hits you!
* * * LOW HITPOINT WARNING * * *
Something hits you but does no damage.
You feel much better. You block something's attack.
The deep elf archer shoots an arrow.
The arrow hits you.
* * * LOW HITPOINT WARNING * * *
The deep elf archer shoots an arrow.
The arrow hits you.
* * * LOW HITPOINT WARNING * * *
You hear some strange, mumbled words.
A lance of force appears from out of thin air!
The lance of force hits you!!
* * * LOW HITPOINT WARNING * * *
The deep elf archer shoots an arrow.
You block the arrow.
The deep elf archer gestures wildly while chanting.
The deep elf archer blinks!
You feel much better. Something hits you but does no damage.
Something hits you!
* * * LOW HITPOINT WARNING * * *
The deep elf archer shoots an arrow.
The arrow hits you but does no damage.
The deep elf archer shoots an arrow.
The arrow hits you.
* * * LOW HITPOINT WARNING * * *
You hear some strange, mumbled words.
A shard of ice appears from out of thin air!
The shard of ice hits you!! You partially resist.
You die...

..###
##.....#'#
..# *
#######.#
### * #)#
* #)# ##.#
, ** #.)##
, #...#
#):.# *
###.@.###
*
#...{.).#
#.......#
#...e...#
#.......#
#.......#
#.......#
#)..e.).#
#########


You could see 2 deep elf archers.

Vanquished Creatures
  A hellephant (Abyss:3)
  Roxanne (Elf:2)
  A deep elf sorcerer (Elf:2)
  A balrug (Abyss:3)
  A deep elf demonologist (Elf:1)
  A lorocyproca (Abyss:3)
  Azrael (D:12)
  A dire elephant (Lair:5)
  A deep elf annihilator (Elf:2)
  A minotaur (Gauntlet)
  Fannar (Lair:1)
  A great orb of eyes (Gauntlet)
  The ghost of NoOffense the Grappler, a journeyman TrMo of Hepliaklqana (D:10)
  A hell beast (Lair:5)
  7 hydras
  The ghost of Bnni the Skirmisher, a journeyman FoHu of Hepliaklqana (D:9)
  7 centaur warriors
  A catoblepas (D:13)
  An alligator snapping turtle (Orc:2)
  7 boulder beetles
  Erica (D:10)
  3 ogre magi
  14 two-headed ogres
  A vampire mage (D:15)
  5 dancing weapons
  A hell hog (Abyss:3)
  3 orc high priests (Orc:2)
  A thrashing horror (Abyss:3)
  7 deep elf knights
  2 wretched stars (Abyss:3)
  2 sixfirhies (Abyss:3)
  A spatial maelstrom (Abyss:3)
  4 skeletal warriors (D:15)
  6 deep elf archers
  A wizard (Lair:5)
  A lindwurm (Lair:1)
  The ghost of anet the Digger, a novice GrCj of Sif Muna (D:8)
  A necromancer (D:15)
  A shadow dragon zombie (D:15)
  3 orc knights
  2 starcursed masses (Abyss:3)
  13 deep elf zephyrmancers
  14 deep elf pyromancers
  4 oklob plants (Lair:1)
  2 orc sorcerers (Orc:2)
  11 ugly things
  A shining eye (Gauntlet)
  3 manticores
  4 cyclopes
  3 large abominations (Abyss:3)
  A frost giant zombie (D:15)
  2 spectral centaurs (D:9)
  8 slime creatures
  A centaur zombie (D:9)
  A merfolk siren (Lair:2)
  A fire giant skeleton (D:15)
  7 black mambas
  12 elephants
  A gargoyle (D:9)
  An orange demon (Lair:5)
  The ghost of Ajdolov the Slicer, a novice VSFi (D:5)
  14 cane toads
  A smoke demon (Lair:5)
  A torpor snail (Lair:3)
  4 rime drakes
  2 minotaur zombies (Gauntlet)
  An unseen horror (Abyss:3)
  4 ice devils (Lair:5)
  4 yaktaurs
  3 freezing wraiths
  2 guardian mummies (D:15)
  A komodo dragon (shapeshifter) (D:14)
  A queen bee (Gauntlet)
  10 komodo dragons
  2 polar bears
  3 ancient zymes (Abyss:3)
  10 trolls
  Grinder (D:4)
  A harpy skeleton (Abyss:3)
  14 blink frogs
  10 dream sheep
  6 raiju (Abyss:3)
  An air elemental (Elf:1)
  Sigmund (D:2)
  A vampire (D:12)
  54 yaks
  A water elemental (Elf:2)
  A shadow (D:10)
  5 wyverns
  3 wraiths
  Eustachio (D:5)
  A golden eye (Gauntlet)
  5 vampire mosquitoes (D:13)
  A steam dragon (D:4)
  4 basilisks
  3 fire elementals
  3 small abominations (Abyss:3)
  2 chaos spawn (Abyss:3)
  A neqoxec (Abyss:3)
  2 wargs (Orc:2)
  Menkaure (D:4)
  A glowing shapeshifter zombie (D:15)
  An acid dragon (D:13)
  7 hell hounds
  5 water moccasins
  3 nagas (Lair:2)
  27 orc warriors
  2 sky beasts
  2 ogres
  An ice beast (D:8)
  12 centaurs
  8 wolves (Lair:1)
  2 kobold brigands
  13 bullfrogs
  A necrophage (D:4)
  Blork the orc (D:4)
  A gnoll sergeant (D:11)
  A scorpion (D:6)
  A hornet simulacrum (D:8)
  4 killer bees (Gauntlet)
  12 howler monkeys
  2 electric eels (Lair:4)
  An iron imp (Abyss:3)
  22 orc priests
  11 jellies
  Crazy Yiuf (D:3)
  4 hounds
  Terence (D:3)
  Jessica (D:2)
  6 iguanas
  Ijyb (D:3)
  6 hell rats (Lair:2)
  29 orc wizards
  A statue (D:6)
  2 centaur simulacra
  4 gnolls (D:11)
  5 adders
  6 river rats (Lair:2)
  2 ufetubi (D:8)
  A dart slug (D:1)
  2 worms
  98 orcs
  3 bats
  An endoplasm (Lair:4)
  3 giant cockroaches
  9 goblins
  10 hobgoblins
  11 jackals
  15 kobolds
  2 quokkas
  5 ball pythons
  3 frilled lizards
  3 rats
752 creatures vanquished.

Vanquished Creatures (others)
  An Executioner (Elf:1)
  A deep elf knight (Elf:1)
  8 fungi
  49 plants
  3 withered plants (D:15)
62 creatures vanquished.

Grand Total: 814 creatures vanquished

Notes
Turn   | Place    | Note
-------+----------+-------------------------------------------
     0 | D:1      | nvknbk the Minotaur Fighter began the quest for the Orb.
     0 | D:1      | Reached XP level 1. HP: 19/19 MP: 0/0
   118 | D:1      | Reached XP level 2. HP: 4/27 MP: 1/1
   305 | D:1      | Reached skill level 1 in Dodging
   384 | D:1      | Reached XP level 3. HP: 33/33 MP: 2/2
   618 | D:2      | Noticed Jessica
   625 | D:2      | Killed Jessica
   628 | D:2      | Reached XP level 4. HP: 35/40 MP: 3/3
   808 | D:2      | You fall into a shaft and drop 1 floor!
  1053 | D:2      | Noticed Sigmund
  1069 | D:2      | Killed Sigmund
  1070 | D:2      | Reached XP level 5. HP: 39/47 MP: 4/4
  1438 | D:3      | Reached XP level 6. HP: 55/55 MP: 5/5
  1456 | D:3      | Noticed Terence
  1463 | D:3      | Killed Terence
  1480 | D:3      | Noticed Ijyb
  1483 | D:3      | Paralysed by Ijyb for 3 turns
  1488 | D:3      | Paralysed by Ijyb for 4 turns
  1493 | D:3      | Killed Ijyb
  1494 | D:3      | Reached skill level 5 in Fighting
  1494 | D:3      | Reached skill level 5 in Shields
  1693 | D:3      | Found a runed translucent door.
  1694 | D:3      | Noticed Crazy Yiuf
  1701 | D:3      | Killed Crazy Yiuf
  1702 | D:3      | Reached skill level 5 in Armour
  2067 | D:4      | Noticed Blork the orc
  2072 | D:4      | Killed Blork the orc
  2133 | D:4      | Noticed Grinder
  2146 | D:4      | Paralysed by Grinder for 4 turns
  2152 | D:4      | Killed Grinder
  2153 | D:4      | Reached XP level 7. HP: 53/61 MP: 6/6
  2203 | D:4      | Noticed a steam dragon
  2204 | D:4      | Reached skill level 5 in Axes
  2214 | D:4      | Killed a steam dragon
  2290 | D:4      | Noticed Menkaure
  2578 | D:4      | Killed Menkaure
  2579 | D:4      | Reached XP level 8. HP: 60/70 MP: 7/7
  2772 | D:4      | Found a glowing golden altar of the Shining One.
  2934 | D:5      | Entered Level 5 of the Dungeon
  3002 | D:5      | Noticed Eustachio
  3010 | D:5      | Killed Eustachio
  3123 | D:5      | Found a runed translucent gate.
  3123 | D:5      | Found a runed translucent gate.
  3123 | D:5      | Noticed Ajdolov's ghost (novice VSFi)
  3124 | D:5      | Found a runed translucent gate.
  3276 | D:5      | Reached skill level 5 in Dodging
  3378 | D:4      | Found an opulent altar of Gozag.
  3378 | D:4      | Found a blossoming altar of Fedhas.
  3879 | D:5      | Killed Ajdolov's ghost
  3952 | D:6      | Found a radiant altar of Vehumet.
  3959 | D:6      | Reached XP level 9. HP: 79/79 MP: 8/8
  4249 | D:6      | Found a staircase to the Ecumenical Temple.
  4259 | Temple   | Entered the Ecumenical Temple
  4310 | Temple   | Became a worshipper of Warmaster Okawaru
  5002 | D:7      | Found a shimmering blue altar of Sif Muna.
  5079 | D:7      | Noticed a cyan ugly thing
  5090 | D:7      | Killed a cyan ugly thing
  5090 | D:7      | Reached * piety under Okawaru
  5480 | D:8      | Found a white marble altar of Elyvilon.
  5593 | D:8      | Found a staircase to the Lair.
  5711 | D:8      | Found a shimmering altar of Xom.
  5790 | D:8      | Found Biorcheo's Weapon Shoppe.
  5813 | D:8      | Noticed a polar bear
  5819 | D:8      | Killed a polar bear
  5819 | D:8      | Reached ** piety under Okawaru
  5820 | D:8      | Reached XP level 10. HP: 90/90 MP: 9/9
  5971 | D:8      | Found a runed translucent gate.
  5971 | D:8      | Found a runed translucent gate.
  5971 | D:8      | Found a runed translucent gate.
  5973 | D:8      | Noticed anet's ghost (novice GrCj)
  5976 | D:8      | Found a viscous altar of Jiyva.
  6005 | D:8      | HP: 4/90 [anet's ghost/magic dart (10)]
  6008 | D:8      | Killed anet's ghost
  6249 | D:8      | Identified the +6 falchion of Intimidation {freeze, Will+
                  | rCorr SInv}
  6518 | D:9      | Found Ryl Dudgh's Serpentskin Sales.
  6595 | D:9      | Noticed a gargoyle
  6599 | D:9      | Killed a gargoyle
  6599 | D:9      | Reached *** piety under Okawaru
  6876 | D:9      | Noticed a boulder beetle
  6907 | D:9      | Killed a boulder beetle
  6907 | D:9      | Reached **** piety under Okawaru
  6976 | D:9      | Found a runed translucent gate.
  6976 | D:9      | Found a runed translucent gate.
  6977 | D:9      | Found a runed translucent gate.
  6983 | D:9      | Noticed Bnni's ghost (journeyman FoHu)
  6983 | D:9      | Noticed a spectral centaur warrior
  6984 | D:9      | Noticed a spectral centaur warrior
  6998 | D:9      | Killed a spectral centaur warrior
  6999 | D:9      | Reached XP level 11. HP: 56/98 MP: 10/10
  7002 | D:9      | Killed Bnni's ghost
  7002 | D:9      | Reached ***** piety under Okawaru
  7003 | D:9      | Reached skill level 10 in Fighting
  7003 | D:9      | Reached skill level 10 in Armour
  7003 | D:9      | Reached skill level 10 in Shields
  7517 | D:10     | Entered Level 10 of the Dungeon
  7540 | D:10     | Found a runed translucent gate.
  7541 | D:10     | Found a runed translucent gate.
  7550 | D:10     | Found a runed translucent gate.
  7551 | D:10     | Noticed NoOffense's ghost (journeyman TrMo)
  7619 | D:10     | Noticed a two-headed ogre
  7627 | D:10     | Killed a two-headed ogre
  7994 | D:10     | Reached skill level 10 in Axes
  7996 | D:10     | Noticed Erica
  8022 | D:10     | Killed Erica
  8190 | D:10     | Found a staircase to the Orcish Mines.
  8271 | D:10     | Noticed a two-headed ogre
  8275 | D:10     | Killed a two-headed ogre
  8360 | D:10     | Received a gift from Okawaru
  8370 | D:10     | Killed NoOffense's ghost
  8660 | D:11     | Gained mutation: Your mind is acute. (Int +4, Str/Dex -1)
                  | [potion of mutation]
  8660 | D:11     | Gained mutation: You are strong-willed. (Will+) [potion of
                  | mutation]
  8660 | D:11     | Gained mutation: You have large cloven feet. [potion of
                  | mutation]
  9603 | D:12     | Noticed a two-headed ogre
  9607 | D:12     | Noticed a boulder beetle
  9610 | D:12     | Killed a two-headed ogre
  9611 | D:12     | Reached XP level 12. HP: 110/110 MP: 11/11
  9623 | D:12     | Killed a boulder beetle
  9784 | D:12     | Lost mutation: You are strong-willed. (Will+) [potion of
                  | mutation]
  9784 | D:12     | Lost mutation: Your mind is acute. (Int +4, Str/Dex -1)
                  | [potion of mutation]
  9784 | D:12     | Lost mutation: You have large cloven feet. [potion of
                  | mutation]
  9784 | D:12     | Gained mutation: Your system is resistant to poisons.
                  | (rPois) [potion of mutation]
  9784 | D:12     | Gained mutation: You are dopey. (Int -2) [potion of
                  | mutation]
  9784 | D:12     | Gained mutation: You are strong-willed. (Will+) [potion of
                  | mutation]
  9832 | D:12     | Noticed Azrael
  9847 | D:12     | Killed Azrael
  9848 | D:12     | Reached skill level 10 in Dodging
  9975 | D:12     | Noticed a boulder beetle
 10003 | D:12     | Killed a boulder beetle
 10245 | D:12     | Noticed a centaur warrior
 10254 | D:12     | Killed a centaur warrior
 10384 | D:12     | Noticed an ogre mage
 10393 | D:12     | Killed an ogre mage
 10413 | D:12     | Identified the +7 sling of Kindness {flame, rN+}
 10457 | D:12     | Noticed a two-headed ogre
 10459 | D:12     | Killed a two-headed ogre
 10768 | D:13     | Reached ****** piety under Okawaru
 10997 | D:13     | Found a gate to the Vaults.
 10997 | D:13     | Noticed a two-headed ogre
 10997 | D:13     | Noticed a two-headed ogre
 10998 | D:13     | Noticed an ogre mage
 11004 | D:13     | Killed a two-headed ogre
 11006 | D:13     | Noticed a four-headed hydra
 11007 | D:13     | Killed a two-headed ogre
 11009 | D:13     | Killed an ogre mage
 11009 | D:13     | Identified the +1 robe of the Lotus Blossom {+Blink Will+
                  | Regen+ Dex-2} (Okawaru gifted it to you on level 13 of the
                  | Dungeon)
 11009 | D:13     | Received a gift from Okawaru
 11101 | D:13     | Killed a two-headed hydra
 11106 | D:13     | Reached XP level 13. HP: 114/119 MP: 12/12
 11738 | D:14     | Lost mutation: You are strong-willed. (Will+) [potion of
                  | mutation]
 11738 | D:14     | Lost mutation: Your system is resistant to poisons. (rPois)
                  | [potion of mutation]
 11738 | D:14     | Gained mutation: Your magical capacity is low. (-10% MP)
                  | [potion of mutation]
 11738 | D:14     | Gained mutation: You are partially covered in iridescent
                  | scales. (AC +2) [potion of mutation]
 11988 | D:14     | Found a viscous altar of Jiyva.
 12012 | D:14     | Identified the +1 whip of Big Damage {elec, rElec rF+ Will-
                  | Int+3}
 12263 | D:15     | Entered Level 15 of the Dungeon
 12309 | D:15     | Received a gift from Okawaru
 12536 | D:15     | Lost mutation: You are dopey. (Int -2) [potion of mutation]
 12536 | D:15     | Lost mutation: Your magical capacity is low. (-10% MP)
                  | [potion of mutation]
 12536 | D:15     | Lost mutation: You are partially covered in iridescent
                  | scales. (AC +2) [potion of mutation]
 12536 | D:15     | Gained mutation: You are robust. (+10% HP) [potion of
                  | mutation]
 12536 | D:15     | Gained mutation: You have a pair of large horns on your
                  | head. [potion of mutation]
 12743 | D:15     | Reached XP level 14. HP: 124/143 MP: 13/13
 12818 | D:15     | Found a glowing silver altar of Zin.
 12834 | D:15     | Found a staircase to the Depths.
 13102 | D:15     | Identified the -2 cloak of Deni {SInv Stlth+} (Okawaru
                  | gifted it to you on level 15 of the Dungeon)
 13102 | D:15     | Received a gift from Okawaru
 13356 | Lair:1   | Entered Level 1 of the Lair of Beasts
 13469 | Lair:1   | Identified the +0 plate armour of the King of the Hill
                  | {-Tele rElec Regen+ Stlth+}
 13696 | Lair:1   | You fall into a shaft and drop 1 floor!
 13719 | Lair:2   | Found a staircase to the Snake Pit.
 14054 | Lair:1   | Noticed Fannar
 14069 | Lair:1   | Killed Fannar
 14557 | Lair:1   | Identified the +1 chain mail "Vuef Boo" {Regen+}
 15106 | Lair:2   | Found a staircase to the Shoals.
 15178 | Lair:2   | Received a gift from Okawaru
 16730 | Lair:4   | Received a gift from Okawaru
 16731 | Lair:4   | Reached XP level 15. HP: 152/152 MP: 14/14
 16987 | Lair:4   | Found a viscous altar of Jiyva.
 16987 | Lair:4   | Found a staircase to the Slime Pits.
 17022 | Lair:4   | Reached skill level 15 in Fighting
 17042 | Lair:4   | Received a gift from Okawaru
 17081 | Lair:4   | Reached skill level 15 in Armour
 17450 | Lair:5   | Entered Level 5 of the Lair of Beasts
 17473 | Lair:5   | Reached skill level 15 in Shields
 17812 | Lair:5   | Reached skill level 15 in Axes
 18134 | Abyss:3  | Cast into level 3 of the Abyss (a wizard)
 18231 | Abyss:3  | Identified the +1 swamp dragon scales of the Dolphin {rPois
                  | rN+++ Dex-4} (Okawaru gifted it to you on level 3 of the
                  | Abyss)
 18231 | Abyss:3  | Received a gift from Okawaru
 18262 | Abyss:3  | Found a corrupted altar of Lugonu.
 18391 | Abyss:3  | Found a corrupted altar of Lugonu.
 18622 | Abyss:3  | Noticed a hellephant
 18639 | Abyss:3  | Killed a hellephant
 18795 | Lair:5   | Escaped the Abyss
 18816 | Lair:5   | Found a burning altar of Makhleb.
 18863 | Lair:5   | Found a gateway to Hell.
 18871 | Lair:5   | Identified the ring "Noucly Pae" {Contam EV+5 Int+6}
 19314 | Orc:1    | Entered Level 1 of the Orcish Mines
 19497 | Orc:2    | Entered Level 2 of the Orcish Mines
 19510 | Orc:2    | Found a gate leading to a gauntlet.
 19527 | Gauntlet | Entered a Gauntlet
 19527 | Gauntlet | Found a transporter.
 19534 | Gauntlet | Found a transporter.
 19536 | Gauntlet | Found a transporter.
 19547 | Gauntlet | Found a transporter.
 19550 | Gauntlet | Found a transporter.
 19558 | Gauntlet | Found a transporter.
 19574 | Gauntlet | Found a transporter.
 19585 | Gauntlet | Found a transporter.
 19596 | Gauntlet | Found a transporter.
 19610 | Gauntlet | Found a transporter.
 19624 | Gauntlet | Found a transporter.
 19625 | Gauntlet | Found a transporter.
 19645 | Gauntlet | Found a transporter.
 19648 | Gauntlet | Found a transporter.
 19722 | Gauntlet | Gained mutation: Potions are less effective at restoring
                  | your health. [a shining eye]
 19727 | Gauntlet | Gained mutation: You sometimes lose your temper in combat.
                  | [a shining eye]
 19730 | Gauntlet | Lost mutation: You are robust. (+10% HP) [a shining eye]
 19731 | Gauntlet | Gained mutation: You have hidden genetic defects. [a
                  | shining eye]
 19732 | Gauntlet | Gained mutation: You are occasionally teleported next to
                  | monsters. [a shining eye]
 19734 | Gauntlet | Gained mutation: You have sharp fingernails. [a shining
                  | eye]
 19749 | Gauntlet | Lost mutation: You have sharp fingernails. [potion of
                  | mutation]
 19749 | Gauntlet | Lost mutation: Potions are less effective at restoring your
                  | health. [potion of mutation]
 19750 | Gauntlet | Lost mutation: You have hidden genetic defects. [potion of
                  | mutation]
 19750 | Gauntlet | Lost mutation: You are occasionally teleported next to
                  | monsters. [potion of mutation]
 19750 | Gauntlet | Gained mutation: You are partially covered in iridescent
                  | scales. (AC +2) [potion of mutation]
 19750 | Gauntlet | Gained mutation: Armour fits poorly on your strangely
                  | shaped body. [potion of mutation]
 19750 | Gauntlet | Lost mutation: You have a pair of large horns on your head.
                  | [potion of mutation]
 19750 | Gauntlet | Gained mutation: You passively dampen the noise of your
                  | surroundings. [potion of mutation]
 19800 | Gauntlet | Identified the +1 pair of boots of the Four Princes
                  | {+Blink}
 20038 | Orc:2    | Received a gift from Okawaru
 20126 | Orc:2    | Found a burning altar of Makhleb.
 20193 | Orc:2    | Found Otelus's Assorted Antiques.
 20375 | Orc:2    | Found a staircase to the Elven Halls.
 20398 | Orc:2    | Found Pebub's Book Emporium.
 20502 | Orc:2    | Found Tete's Antique Weapon Emporium.
 20513 | Orc:2    | Reached XP level 16. HP: 110/151 MP: 15/15
 20615 | Orc:2    | Found Siwnant's Antique Armour Shoppe.
 20630 | Orc:2    | Bought a pair of pitted gloves for 285 gold pieces
 20630 | Orc:2    | Identified the +1 pair of gloves "Zoweler" {Int+4} (You
                  | bought it in a shop on level 2 of the Orcish Mines)
 20887 | Elf:1    | Entered Level 1 of the Elven Halls
 21386 | Elf:1    | Identified the +4 broad axe of Discretion {drain, rC+}
                  | (Okawaru gifted it to you on level 1 of the Elven Halls)
 21386 | Elf:1    | Received a gift from Okawaru
 21398 | Elf:1    | Noticed an Executioner
 21729 | Elf:1    | Noticed an Executioner
 21735 | Elf:1    | Killed an Executioner
 21814 | Elf:1    | Paralysed by an air elemental for 1 turns
 21895 | Elf:2    | Reached skill level 15 in Dodging
 21909 | Elf:2    | Lost mutation: Armour fits poorly on your strangely shaped
                  | body. [potion of mutation]
 21909 | Elf:2    | Lost mutation: You sometimes lose your temper in combat.
                  | [potion of mutation]
 21909 | Elf:2    | Lost mutation: You passively dampen the noise of your
                  | surroundings. [potion of mutation]
 21909 | Elf:2    | Gained mutation: You are clumsy. (Dex -2) [potion of
                  | mutation]
 21909 | Elf:2    | Gained mutation: You passively map a small area around you.
                  | [potion of mutation]
 21909 | Elf:2    | Gained mutation: You are robust. (+10% HP) [potion of
                  | mutation]
 21977 | Elf:2    | Identified Roxanne's Encyclopedia of Terrain
 21977 | Elf:2    | Noticed Roxanne
 21979 | Elf:2    | Received a gift from Okawaru
 21981 | Elf:2    | Identified the +12 hand axe of Tartarus {distort, *Corrode
                  | Str+2 Dex+7 Stlth+}
 21999 | Elf:2    | HP: 6/167 [deep elf archer/arrow (21)]
 22002 | Elf:2    | Killed Roxanne
 22005 | Elf:2    | Killed from afar by a deep elf knight

Illustrated notes

Levels and vault maps discovered:
D:1:      dpeg_arrival_shrine, layout_basic, hex_intersection
D:2:      layout_basic, chequers_mini_garden, minmay_misc_feat_enclosed,
          uniq_sigmund, uniq_jessica
D:3:      kennysheep_big_flooded_room, layout_basic, uniq_terence,
          uniq_crazy_yiuf_cottage, uniq_ijyb
D:4:      layout_basic, nicolae_tso_swordbearing_angel,
          nicolae_overflow_hidden_temple, palyth_stone_intersect, uniq_menkaure,
          uniq_blork_the_orc, uniq_grinder
D:5:      layout_loops_corners, ebering_ghost_rock_garden,
          kennysheep_another_room, uniq_eustachio
D:6:      layout_basic, vehumet_statue, minmay_temple_entry_slanted,
          minmay_misc_feat_rugged
D:7:      layout_gridville, nicolae_sif_muna_little_library
D:8:      layout_loops_corners, elyvilon_altar_3, lemuel_doored_altar,
          lair_entry_dummy, serial_ice, serial_ice_o, serial_ice_a,
          serial_ice_n, serial_ice_m, serial_ice_e, serial_shops,
          nicolae_shop_window_shopping, gammafunk_ghost_ooze
D:9:      layout_irregular_city, gammafunk_ghost_necromancy, guppyfry_shop_venom
D:10:     layout_loops_cross, minmay_orc_entry_temple_small,
          gammafunk_ghost_spectres, serial_bayou_crossing, uniq_erica
D:11:     layout_loops_ring
D:12:     layout_gridville, minmay_the_grid_2x2 [minmay_the_grid_x,
          minmay_the_grid_aliased_spiral, minmay_the_grid_diamond_grid,
          minmay_the_grid_prize_trominoes], uniq_azrael
D:13:     layout_irregular_city, david_vaults_2
D:14:     layout_irregular_city, jiyva_altar_1
D:15:     gammafunk_depths_entry_grave, layout_cave_pools, lemuel_tele_altar
Temple:   eino_wide_crystal_templ
Lair:1:   minmay_lair_oklob_tunnel, layout_regular_city, nicolae_lair_lindhole,
          uniq_fannar
Lair:2:   layout_gridlike, minmay_shoals_entry_lonely_mermaid,
          guppyfry_snake_entry_island, kennysheep_abandoned_house
Lair:3:   layout_roguey, lemuel_fruit_fields, lemuel_fruit_fields,
          lemuel_fruit_tree
Lair:4:   layout_small_grid, nicolae_slime_entry_slimehenge, serial_rivers,
          chequers_serial_rivers_micro_b, chequers_serial_rivers_large_b,
          chequers_serial_rivers_micro_b, chequers_serial_rivers_micro_b,
          chequers_serial_rivers_micro_e, chequers_serial_rivers_room_a,
          serial_bayou_shore_a, infiniplex_staircase_pool_2, grunt_megastairs_5
Lair:5:   evil_forest, layout_loops_ring
Orc:1:    layout_diamond_mine
Orc:2:    grunt_orc_community_town_hall, layout_diamond_mine,
          grunt_orc_community_big_house_1, grunt_orc_community_big_house_1,
          grunt_orc_community_house_3, grunt_orc_community_house_3,
          grunt_orc_community_house_2, grunt_orc_community_house_3,
          grunt_orc_community_house_2, gauntlet_entry_generic, basic_altar
Elf:1:    minmay_elf_arrival_circle, layout_geoelf_diagonals,
          minmay_elf_demonology
Elf:2:    elven_hall_of_blades_hangedman_alternative [mumra_blade_entry_dagger],
          layout_geoelf_grid, serial_shops, nicolae_shop_waterfront,
          corner_web_ring, uniq_roxanne

Skill      XL: |  1  2  3  4  5  6  7  8  9 10 11 12 13 14 15 16 |
---------------+-------------------------------------------------+-----
Dodging        | 1 2 3 4 5 7 8 9 10 12 13 14 15 | 15.1
Fighting       | 4 5 6 7 8 9 11 12 13 14 16 | 16.7
Shields        | 4 5 6 7 8 9 11 12 13 14 16 | 16.7
Armour         | 4 5 6 7 8 9 11 12 13 14 16 | 16.7
Axes           | 3 4 5 6 8 9 10 12 13 14 15 16 | 16.6

Action                     |  1- 3 |  4- 6 |  7- 9 | 10-12 | 13-15 | 16-18 || total
---------------------------+-------+-------+-------+-------+-------+-------++-------
  Melee: War axe           |    53 |    72 |   199 |   411 |  1052 |       ||  1787
         Headbutt          |     6 |    12 |    37 |    96 |   288 |    40 ||   479
         Broad axe         |       |       |       |       |    52 |   207 ||   259
 Invoke: Heroism           |       |       |       |     2 |     5 |     1 ||     8
  Evoke: Wand              |       |       |       |       |       |     3 ||     3
    Use: Scroll            |     4 |     7 |    13 |    12 |     6 |     2 ||    44
         Potion            |     1 |       |       |     4 |     8 |     6 ||    19
 Armour: Scale mail        |    37 |    19 |    62 |   149 |   134 |       ||   401
         Chain mail        |       |       |       |       |   182 |   101 ||   283
  Dodge: Dodged            |    41 |    35 |   125 |   306 |   632 |   141 ||  1280
  Block: Buckler           |    17 |     9 |    48 |   119 |   311 |    76 ||   580

Table legend: (Time is in decaauts)
 A = Elapsed time spent in this place.
 B = Non-inter-level travel time spent in this place.
 C = Inter-level travel time spent in this place.
 D = Time resting spent in this place.
 E = Time spent auto-exploring this place.
 F = Levels seen in this place.
 G = Mean time per level.
                   A        B        C        D        E       F      G
               +--------+--------+--------+--------+--------+-----+--------+
         Total |  22018 |  20905 |   1113 |    530 |  16324 |  27 |  815.5 |
       Dungeon |  13481 |  12668 |    813 |    181 |  10328 |  15 |  898.7 |
        Temple |     73 |     51 |     22 |      0 |     36 |   1 |   73.0 |
          Lair |   5115 |   4922 |    193 |    128 |   3961 |   5 | 1023.0 |
  Orcish Mines |   1199 |   1133 |     66 |     24 |    745 |   2 |  599.5 |
   Elven Halls |   1149 |   1131 |     18 |      4 |    836 |   2 |  574.5 |
         Abyss |    651 |    651 |      0 |    190 |    245 |   1 |  651.0 |
      Gauntlet |    348 |    348 |      0 |      2 |    172 |   1 |  348.0 |
               +--------+--------+--------+--------+--------+-----+--------+

Top non-repeatable levels by time:
  Lair:1: 1394 daAuts
     D:8: 1318 daAuts
    D:10: 1244 daAuts
    D:12: 1171 daAuts
     D:9: 1044 daAuts
   Elf:1: 1023 daAuts
  Lair:4: 1012 daAuts
     D:5: 1009 daAuts
  Lair:5: 983 daAuts
  Lair:2: 978 daAuts
    D:11: 929 daAuts
     D:4: 898 daAuts
   Orc:2: 867 daAuts
    D:15: 859 daAuts
    D:14: 819 daAuts
